cohdb
Replays
Latest Replays
All Replays
Popular Replays
Top Player Replays
Match Explorer
How It Works
Community
CoH3 Stats
Reddit
Sign in to upload your games and track your stats! →
Sign in with Steam
Match 43868777
Unlisted
Match 43868777
Overview
Messages
Build Orders
End
Royal Engineer Section
Construct Section Command Post
Infantry Section
Dingo Light Scout Car
Infantry Section
Construct Platoon Command Post
Construct Field Infirmary
6-pounder Anti-tank Gun Team
ML 3-inch Mortar Team
Construct Company Command Post
Foot Guards Section
Selects Heavy Armor Battlegroup
Selects Light Vehicle Withdraw and Refit
Selects UNKNOWN (202330)
Selects Rigorous Vehicle Training
Crusader AA Medium Tank
Infantry Section
Grenade Package
Vickers Machine Gun Team
Unlock M3 Grant Medium Tanks
Selects Recon Artillery
Royal Engineer Section
M3 Grant Medium Tank
Recon Artillery
M3 Grant Medium Tank
CMP 15cwt Truck
Recon Artillery
Vlady the Impaler
pagep
0
0
Comments
sign in to comment!
No comments posted yet!